 Dungeon Crawl Stone Soup version 0.30.0-15-g856e2d3f33 (webtiles) character file.

Game seed: 13578721556807588859

11 CaptainMV the Charlatan (level 2, 0/19 HPs)
             Began as a Demonspawn Wanderer on May 18, 2023.
             Slain by a hobgoblin (5 damage)
             ... on level 1 of the Dungeon.
             The game lasted 00:04:47 (289 turns).

CaptainMV the Charlatan (Demonspawn Wanderer)        Turns: 289, Time: 00:04:47

Health: 0/19       AC:  2    Str: 11    XL:     2   Next: 13%
Magic:  5/5        EV: 11    Int: 17    God:
Gold:   22         SH:  0    Dex:  9    Spells: 3/5 levels left

rFire   . . .        a - +0 club
rCold   . . .        (no shield)
rNeg    . . .        c - +0 robe
rPois   .            (no helmet)
rElec   .            (no cloak)
rCorr   .            (no gloves)
SInv    .            (no boots)
Will    .....        (no amulet)
Stlth   +            (no ring)
HPRegen 0.23/turn    (no ring)
MPRegen 0.09/turn

%: no passive effects
@: no status effects
A: ignite blood 1
a: no special abilities


You were on level 1 of the Dungeon.
You visited 1 branch of the dungeon, and saw 1 of its levels.

You collected 22 gold pieces.

Inventory:

Hand Weapons
 a - a +0 club (weapon)
Armour
 c - a +0 robe (worn)
Scrolls
 b - a scroll of fear
 f - a scroll of torment {unknown}
 g - a scroll of immolation {unknown}
Potions
 e - a potion of lignification {unknown}
Miscellaneous
 d - a piece from Xom's chessboard (15/15) (quivered)


   Skills:
 + Level 2.2 Spellcasting
 + Level 1.1 Necromancy
 + Level 3.0 Earth Magic
 + Level 4.1 Evocations


You had 3 spell levels left.
You knew the following spells:

 Your Spells              Type           Power      Damage    Failure   Level
a - Sandblast             Erth           24%        2d8       5%          1
b - Necrotise             Necr           20%        1d5       12%         1

Your spell library contained the following spells:

 Spells                   Type           Power      Damage    Failure   Level
 Passwall                 Tmut/Erth      5%         N/A       16%         2
 Vampiric Draining        Necr           5%         2d6       36%         3
 Animate Armour           Summ/Erth      14%        N/A       71%         4
 Agony                    Necr           5%         N/A       98%         5


Dungeon Overview and Level Annotations

Branches:
Dungeon (1/15)

Altars:

Shops:
D:1 =


Innate Abilities, Weirdness & Mutations

Your demonic aura sometimes causes spilled blood to erupt in flames.


Message History

You see here 10 gold pieces.
You hit the goblin.
You kill the goblin!
Things that are here:
a +0 dagger; a goblin corpse
Things that are here:
a +0 dagger; a goblin corpse You now have 22 gold pieces (gained 10).
Things that are here:
a +0 dagger; a goblin corpse
Found an escape hatch in the floor.
A hobgoblin comes into view.
The hobgoblin shouts!
Found 10 gold pieces.
A hobgoblin comes into view.
Found a runed dagger and a lumpy orange potion.
The hobgoblin shouts!
There is an escape hatch in the floor here.
Found a runed scarf.
You closely miss the hobgoblin. Your punch misses the hobgoblin.
The hobgoblin completely misses you.
You hit the hobgoblin.
The hobgoblin is severely wounded.
The hobgoblin closely misses you.
The hobgoblin hits you but does no damage.
You barely miss the hobgoblin.
The hobgoblin is severely wounded.
The hobgoblin hits you but does no damage.
You hit the hobgoblin.
The hobgoblin is almost dead.
The hobgoblin hits you. x2
You closely miss the hobgoblin.
The hobgoblin is almost dead.
The hobgoblin hits you.
* * * LOW HITPOINT WARNING * * *
The hobgoblin barely misses you.
You hit the hobgoblin.
You kill the hobgoblin!
The hobgoblin hits you.
You die...

......#....# #.#
......#..... ..#.#
......#....# #)#.#
......#....# #.#.#
#...###....# #.#.#
#'''#...... ##.#.#
.......... ###....#
.....♣.... #...†..#
.......... #.#g@>##
.....♣.........#.##
...........##..#.#
.....♣.... #. ...
.......... # ....
.....♣.... ......
...........##$.....
...........
#..!.[.#
##..#####.#


You could see a hobgoblin.

Vanquished Creatures
  A dart slug (D:1)
  A bat (D:1)
  3 goblins (D:1)
  A hobgoblin (D:1)
  A quokka (D:1)
  2 frilled lizards (D:1)
9 creatures vanquished.

Notes
Turn   | Place    | Note
-------+----------+-------------------------------------------
     0 | D:1      | CaptainMV the Demonspawn Wanderer began the quest for the
                  | Orb.
     0 | D:1      | CaptainMV set off with the following items: a +0 club, a
                  | scroll of fear, a +0 robe, a piece from Xom's chessboard
                  | (15/15); and the following spells available to memorise:
                  | Sandblast, Necrotise, Passwall, Vampiric Draining, Animate
                  | Armour.
     0 | D:1      | Reached XP level 1. HP: 13/13 MP: 3/3
    78 | D:1      | Learned a level 1 spell: Sandblast
    80 | D:1      | Learned a level 1 spell: Necrotise
   144 | D:1      | Gained mutation: Your demonic aura sometimes causes spilled
                  | blood to erupt in flames. [demonic ancestry]
   144 | D:1      | Reached XP level 2. HP: 3/19 MP: 5/5
   158 | D:1      | Found Deucwiatu's Jewellery Shop.
   289 | D:1      | Slain by a hobgoblin

Illustrated notes

Levels and vault maps discovered:
D:1:      wander_arrival_estate, layout_loops_ring, serial_shops, shop,
          minmay_tiny_reverse_x

Skill      XL: |  1 |
---------------+----+-----
Earth Magic    | 3 |  3.0
Spellcasting   | |  2.2
Necromancy     | |  1.1
Evocations     | |  4.1

Action                     || total
---------------------------++-------
  Melee: Club              ||    34
    Use: Scroll            ||     1
   Stab: Sleeping          ||     1
 Armour: Robe              ||     8
  Dodge: Dodged            ||    18
